 Dungeon Crawl Stone Soup version 0.29-a0-819-g94b489e0ae (webtiles) character file.

Game seed: 2867405093477161434

2 Lekart the Trooper (level 1, 0/19 HPs)
             Began as a Draconian Fighter on July 4, 2022.
             Slain by a gnoll
             ... wielding a +0 whip
              (8 damage)
             ... on level 1 of the Dungeon on July 6, 2022.
             The game lasted 00:00:45 (135 turns).

Lekart the Trooper (Draconian Fighter)               Turns: 135, Time: 00:00:45

Health: 0/19       AC:  4    Str: 18    XL:     1   Next: 25%
Magic:  1/1        EV: 12    Int:  8    God:
Gold:   3          SH:  4    Dex: 10    Spells: 0/0 levels left

rFire   . . .      SeeInvis .   a - +0 war axe
rCold   . . .      Faith    .   b - +0 buckler
rNeg    . . .      Spirit   .   (body armour unavailable)
rPois   .          Reflect  .   (helmet restricted)
rElec   .          Harm     .   (no cloak)
rCorr   .          Rampage  .   (no gloves)
Will    .....                   (no boots)
Stlth   +.........              (no amulet)
HPRegen 0.06/turn               (no ring)
MPRegen 0.07/turn               (no ring)

@: no status effects
A: AC +4, unfitting armour, cold-blooded
a: no special abilities


You were on level 1 of the Dungeon.
You visited 1 branch of the dungeon, and saw 1 of its levels.

You collected 3 gold pieces.

Inventory:

Hand Weapons
 a - a +0 war axe (weapon)
Armour
 b - a +0 buckler (worn)
Scrolls
 d - a scroll of fear {unknown}
Potions
 c - a potion of might


   Skills:
 + Level 3.3 Fighting
 + Level 2.0 Axes
 + Level 2.7 Dodging
 + Level 3.0 Shields


You couldn't memorise any spells.
You didn't know any spells.
Your spell library was empty.

Dungeon Overview and Level Annotations

Branches:
Dungeon (1/15)

Altars:


Innate Abilities, Weirdness & Mutations

Your plain brown scales are hard. (AC +4)
You cannot fit into any form of body armour.
You are cold-blooded and may be slowed by cold attacks.


Message History

The rat bites you.
You hit the rat but do no damage. The rat bites you but does no damage.
The rat closely misses you.
A rat is nearby!
A rat is nearby!
You closely miss the rat. The rat barely misses you.
A rat is nearby!
You slash the rat!
You kill the rat!
No target in view!
You see here a rat corpse.
Found a stone staircase leading down.
No target in view!
A gnoll comes into view. It is wielding a +0 whip.
The gnoll shouts!
You see here a scroll labelled ECYPAS AVUAN.
A gnoll is nearby!
A gnoll is nearby!
You block the gnoll's attack.
A gnoll is nearby!
You closely miss the gnoll. The gnoll hits you with a +0 whip!
The gnoll hits you with a +0 whip.
A gnoll is nearby!
You are too injured to fight recklessly!
A gnoll is nearby!
You are too injured to fight recklessly!
A gnoll is nearby!
You are too injured to fight recklessly!
A gnoll is nearby!
You are too injured to fight recklessly!
You hit the gnoll.
Your tail-slap misses the gnoll.
The gnoll is lightly wounded.
The gnoll barely misses you.
You barely miss the gnoll.
The gnoll is lightly wounded.
The gnoll hits you but does no damage. You block the gnoll's attack.
You barely miss the gnoll.
The gnoll is lightly wounded.
The gnoll hits you with a +0 whip!
You die...

#. ...8.......<...
##.#### #..###.........
.......###....#.8.......
.$.........# ##........
>..........#####........
#######?##....####.....#
#.#####.##.###.### #.#
#.##...#.#.. #@#
#.##...#8#.. #g#
#..#........ ...
##†#........ .....
#.#...).... .......
#........>.
........#............
.................>....
.........#..###........
.#..# #.........


You could see a gnoll.

Vanquished Creatures
  A kobold (D:1)
  2 rats (D:1)
3 creatures vanquished.

Notes
Turn   | Place    | Note
-------+----------+-------------------------------------------
     0 | D:1      | Lekart the Draconian Fighter began the quest for the Orb.
     0 | D:1      | Reached XP level 1. HP: 19/19 MP: 1/1
     0 | D:1      | Upgraded the game from 0.29-a0-810-g3812dd5c9c to
                  | 0.29-a0-819-g94b489e0ae
   135 | D:1      | Slain by a gnoll

Illustrated notes

Levels and vault maps discovered:
D:1:      psy_arrival_heroes, layout_rooms, minmay_misc_feat_diagonals

Action                   || total
-------------------------++-------
Melee: War axe           ||    10
Armor: Skin              ||     2
Dodge: Dodged            ||     7
Block: Buckler           ||     2

Table legend: (Time is in decaauts)
 A = Elapsed time spent in this place.
 B = Non-inter-level travel time spent in this place.
 C = Inter-level travel time spent in this place.
 D = Time resting spent in this place.
 E = Time spent auto-exploring this place.
 F = Levels seen in this place.
 G = Mean time per level.
                   A        B        C        D        E       F      G
               +--------+--------+--------+--------+--------+-----+--------+
         Total |    139 |    131 |      8 |      0 |    104 |   1 |  139.0 |
       Dungeon |    139 |    131 |      8 |      0 |    104 |   1 |  139.0 |
               +--------+--------+--------+--------+--------+-----+--------+

Top non-repeatable levels by time:
     D:1: 139 daAuts
